| TOP OF THE 1ST |
|
Houston Astros batting - Pitching for Oakland Athletics : RHP Sean Hill
|
|
Pitching: RHP Sean Hill
|
|
|
Batting: RHB Matt Thompson
|
0-0: Ball 1-0: Ball 2-0: Ball 3-0: Base on Balls
|
|
Batting: RHB Josh Froyd
|
0-0: Called Strike 0-1: Ball 1-1: Ball 2-1: Ball 3-1: Called Strike 3-2: Grounds into double play, 1-6-3 (Groundball, 13, EV 75.0 MPH)
|
|
Batting: SHB Addick de Vries
|
0-0: Ball 1-0: Ball 2-0: Foul Ball, location: 2F 2-1: Fly out, F5 (Popup, 56S, EV 80.6 MPH)
|
| Top of the 1st over - 0 runs, 0 hits, 0 errors, 0 left on base; Houston 0 - Oakland 0 |
| BOTTOM OF THE 1ST |
|
Oakland Athletics batting - Pitching for Houston Astros : RHP Seth Bowersox
|
|
Pitching: RHP Seth Bowersox
|
|
|
Batting: RHB Muneo Kawachi
|
0-0: Swinging Strike 0-1: SINGLE (Line Drive, 4MD, EV 106.9 MPH)
|
|
Batting: RHB Philip Jansen
|
0-0: Fly out, F8 (Flyball, 8LD, EV 101.9 MPH)
|
|
Batting: SHB Mark Rennie
|
0-0: Ball 1-0: Ball 2-0: Called Strike 2-1: Called Strike Muneo Kawachi steals 2nd base 2-2: Foul Ball, location: 2F 2-2: Ball 3-2: SINGLE (Groundball, 4MD, EV 94.4 MPH) Muneo Kawachi to third Runner from 3rd tries for Home, SAFE, throw by CF to home Mark Rennie to second
|
|
Batting: LHB Nate Dean
|
0-0: Swinging Strike 0-1: Ball Mark Rennie steals 3rd base 1-1: Foul Ball, location: 2F 1-2: Ball 2-2: Foul Ball, location: 2F 2-2: Strikes out swinging
|
|
Batting: RHB Sébastien Piat
|
0-0: Ball 1-0: Called Strike 1-1: SINGLE (Groundball, 56D, EV 105.6 MPH) Mark Rennie scores
|
|
Batting: RHB Danny Miramontes
|
0-0: Ball 1-0: Called Strike 1-1: Swinging Strike 1-2: Strikes out swinging
|
| Bottom of the 1st over - 2 runs, 3 hits, 0 errors, 1 left on base; Houston 0 - Oakland 2 |
| TOP OF THE 2ND |
|
Houston Astros batting - Pitching for Oakland Athletics : RHP Sean Hill
|
|
Batting: RHB Danny Dyer
|
0-0: DOUBLE (Line Drive, 8RXD, EV 98.8 MPH)
|
|
Batting: SHB Joe Gardner
|
0-0: Fly out, F1 (Popup, P, EV 73.8 MPH)
|
|
Batting: LHB Bob Myers
|
0-0: SINGLE (Flyball, 34D, EV 95.0 MPH) Danny Dyer to third
|
|
Batting: LHB Jim Keefe
|
0-0: Ball 1-0: Called Strike 1-1: Ball 2-1: Swinging Strike 2-2: Strikes out swinging
|
|
Batting: RHB Antonio Aranda
|
0-0: Ball 1-0: Called Strike 1-1: Swinging Strike 1-2: Ball 2-2: Fielders Choice at 2nd, 6-4 (Groundball, 6, EV 88.8 MPH)
|
| Top of the 2nd over - 0 runs, 2 hits, 0 errors, 2 left on base; Houston 0 - Oakland 2 |
| BOTTOM OF THE 2ND |
|
Oakland Athletics batting - Pitching for Houston Astros : RHP Seth Bowersox
|
|
Batting: LHB George Leary
|
0-0: Called Strike 0-1: Ball 1-1: Called Strike 1-2: SOLO HOME RUN (Flyball, 78XD, EV 105.0 MPH), Distance : 403 ft
|
|
Batting: SHB Greg Prime
|
0-0: Ball 1-0: Ball 2-0: Ball 3-0: Base on Balls
|
|
Batting: RHB Bernie Varela
|
0-0: Foul Ball, location: 2F 0-1: Called Strike 0-2: Ball 1-2: Strikes out swinging
|
|
Batting: RHB Muneo Kawachi
|
0-0: Ball 1-0: Foul Ball, location: 2F 1-1: SINGLE (Flyball, 4D, EV 88.8 MPH) Greg Prime to second
|
|
Batting: RHB Philip Jansen
|
0-0: Foul Ball, location: 2F 0-1: Ball 1-1: Foul Ball, location: 2F 1-2: Fly out, F8 (Line Drive, 8RM, EV 95.0 MPH)
|
|
Batting: SHB Mark Rennie
|
0-0: Called Strike 0-1: Foul Ball, location: 2F 0-2: Ball 1-2: Ball 2-2: Ball 3-2: Fly out, F7 (Flyball, 7, EV 85.0 MPH)
|
| Bottom of the 2nd over - 1 run, 2 hits, 0 errors, 2 left on base; Houston 0 - Oakland 3 |
| TOP OF THE 3RD |
|
Houston Astros batting - Pitching for Oakland Athletics : RHP Sean Hill
|
|
Batting: RHB Chris Fitzgerald
|
0-0: Foul Ball, location: 2F 0-1: Called Strike 0-2: Foul Ball, location: 2F 0-2: Strikes out swinging
|
|
Batting: RHB Matt Thompson
|
0-0: Called Strike 0-1: Foul Ball, location: 2F 0-2: Ball 1-2: Strikes out swinging
|
|
Batting: RHB Josh Froyd
|
0-0: Called Strike 0-1: Ground out 5-3 (Groundball, 56S, EV 85.0 MPH)
|
| Top of the 3rd over - 0 runs, 0 hits, 0 errors, 0 left on base; Houston 0 - Oakland 3 |
| BOTTOM OF THE 3RD |
|
Oakland Athletics batting - Pitching for Houston Astros : RHP Seth Bowersox
|
|
Batting: LHB Nate Dean
|
0-0: Ball 1-0: Called Strike 1-1: Swinging Strike 1-2: SINGLE (Line Drive, 56D, EV 103.8 MPH)
|
|
Batting: RHB Sébastien Piat
|
0-0: Ball 1-0: Foul Ball, location: 2F 1-1: Ball 2-1: Grounds into double play, 5-4-3 (Groundball, 5S, EV 82.5 MPH)
|
|
Batting: RHB Danny Miramontes
|
0-0: Ball 1-0: Called Strike 1-1: Foul Ball, location: 2F 1-2: Ball 2-2: Ball 3-2: SINGLE (Groundball, 13S, EV 61.3 MPH) (infield hit)
|
|
Batting: LHB George Leary
|
0-0: Ground out 4-3 (Groundball, 4, EV 88.8 MPH)
|
| Bottom of the 3rd over - 0 runs, 2 hits, 0 errors, 1 left on base; Houston 0 - Oakland 3 |
| TOP OF THE 4TH |
|
Houston Astros batting - Pitching for Oakland Athletics : RHP Sean Hill
|
|
Batting: SHB Addick de Vries
|
0-0: Ball 1-0: Ball 2-0: Ball 3-0: Called Strike 3-1: Called Strike 3-2: Ground out U3 (Groundball, 34, EV 91.3 MPH)
|
|
Batting: RHB Danny Dyer
|
0-0: SINGLE (Flyball, 9LS, EV 90.6 MPH)
|
|
Batting: SHB Joe Gardner
|
0-0: Ball 1-0: Ball 2-0: Called Strike 2-1: Ball 3-1: Foul Ball, location: 2F 3-2: Strikes out swinging
|
|
Batting: LHB Bob Myers
|
0-0: Foul Ball, location: 2F 0-1: Called Strike 0-2: Fly out, F7 (Flyball, 7D, EV 95.0 MPH)
|
| Top of the 4th over - 0 runs, 1 hit, 0 errors, 1 left on base; Houston 0 - Oakland 3 |
| BOTTOM OF THE 4TH |
|
Oakland Athletics batting - Pitching for Houston Astros : RHP Seth Bowersox
|
|
Batting: SHB Greg Prime
|
0-0: Called Strike 0-1: Ground out 6-3 (Groundball, 6S, EV 82.5 MPH)
|
|
Batting: RHB Bernie Varela
|
0-0: Called Strike 0-1: DOUBLE (Line Drive, 7LM, EV 106.9 MPH)
|
|
Batting: RHB Muneo Kawachi
|
0-0: SINGLE (Line Drive, 4MD, EV 95.0 MPH) Bernie Varela to third Runner from 3rd tries for Home, SAFE, throw by CF to home
|
|
Batting: RHB Philip Jansen
|
0-0: Called Strike Muneo Kawachi steals 2nd, throwing error, E2 Muneo Kawachi to third 0-1: Ball 1-1: Ball 2-1: Called Strike 2-2: Fly out, F8 (Flyball, 8LD, EV 91.3 MPH)
|
|
Batting: SHB Mark Rennie
|
0-0: Ball 1-0: Ground out 3-1 (Groundball, 34S, EV 81.3 MPH)
|
| Bottom of the 4th over - 1 run, 2 hits, 1 error, 1 left on base; Houston 0 - Oakland 4 |
| TOP OF THE 5TH |
|
Houston Astros batting - Pitching for Oakland Athletics : RHP Sean Hill
|
|
Batting: LHB Jim Keefe
|
0-0: Fly out, F7 (Flyball, 78D, EV 103.8 MPH)
|
|
Batting: RHB Antonio Aranda
|
0-0: Called Strike 0-1: Called Strike 0-2: Strikes out swinging
|
|
Batting: RHB Chris Fitzgerald
|
0-0: Ball 1-0: Foul Ball, location: 2F 1-1: Fly out, F9 (Line Drive, 9, EV 99.4 MPH)
|
| Top of the 5th over - 0 runs, 0 hits, 0 errors, 0 left on base; Houston 0 - Oakland 4 |
| BOTTOM OF THE 5TH |
|
Oakland Athletics batting - Pitching for Houston Astros : RHP Seth Bowersox
|
|
Batting: LHB Nate Dean
|
0-0: Ball 1-0: Ball 2-0: Ball 3-0: Base on Balls
|
|
Batting: RHB Sébastien Piat
|
0-0: Ball 1-0: Ball 2-0: Ball 3-0: Foul Ball, location: 2F 3-1: Foul Ball, location: 2F 3-2: Foul Ball, location: 2F 3-2: Foul Ball, location: 2F 3-2: Base on Balls Nate Dean to second
|
|
Batting: RHB Danny Miramontes
|
0-0: Ball 1-0: Swinging Strike 1-1: Ball Nate Dean steals 3rd base Sébastien Piat to second 2-1: Ball 3-1: Foul Ball, location: 2F 3-2: Base on Balls
|
|
Batting: LHB George Leary
|
0-0: Called Strike 0-1: Called Strike 0-2: Fly out, F8 (Line Drive, 8RD, EV 94.4 MPH) Runner from 3rd tags up, SCORES, throw by CF
|
|
Batting: SHB Greg Prime
|
0-0: Ball 1-0: Ball 2-0: Ball 3-0: Called Strike 3-1: Base on Balls Sébastien Piat to third Danny Miramontes to second
|
|
Pitching: RHP Danny Bustos
|
|
|
Batting: RHB Bernie Varela
|
0-0: Called Strike 0-1: Called Strike 0-2: Ball 1-2: Foul Ball, location: 2F 1-2: Strikes out swinging
|
|
Batting: RHB Muneo Kawachi
|
0-0: Ball 1-0: Called Strike 1-1: Swinging Strike 1-2: Strikes out swinging
|
| Bottom of the 5th over - 1 run, 0 hits, 0 errors, 3 left on base; Houston 0 - Oakland 5 |
| TOP OF THE 6TH |
|
Houston Astros batting - Pitching for Oakland Athletics : RHP Sean Hill
|
|
Batting: RHB Matt Thompson
|
0-0: SINGLE (Line Drive, 3D, EV 94.4 MPH)
|
|
Batting: RHB Josh Froyd
|
0-0: Ball 1-0: Ball 2-0: Foul Ball, location: 2F 2-1: Ball 3-1: Foul Ball, location: 2F 3-2: Foul Ball, location: 2F 3-2: Base on Balls Matt Thompson to second
|
|
Batting: SHB Addick de Vries
|
0-0: Called Strike 0-1: Grounds into double play, 1-4-3 (Groundball, 15S, EV 65.0 MPH) Matt Thompson to third
|
|
Batting: RHB Danny Dyer
|
0-0: Foul Ball, location: 2F 0-1: Ball 1-1: Ball 2-1: DOUBLE (Line Drive, 89D, EV 100.0 MPH) Matt Thompson scores
|
|
Batting: SHB Joe Gardner
|
0-0: Called Strike 0-1: Ball 1-1: Ball 2-1: Fly out, F7 (Flyball, 7LM, EV 81.3 MPH)
|
| Top of the 6th over - 1 run, 2 hits, 0 errors, 1 left on base; Houston 1 - Oakland 5 |
| BOTTOM OF THE 6TH |
|
Oakland Athletics batting - Pitching for Houston Astros : RHP Danny Bustos
|
|
Batting: RHB Philip Jansen
|
0-0: Ball 1-0: Ground out 2-3 (Groundball, 15S, EV 68.1 MPH)
|
|
Batting: SHB Mark Rennie
|
0-0: Ball 1-0: Called Strike 1-1: Ball 2-1: Foul Ball, location: 2F 2-2: Foul Ball, location: 2F 2-2: DOUBLE (Line Drive, 7LD, EV 105.6 MPH)
|
|
Batting: LHB Nate Dean
|
0-0: Ball Mark Rennie steals 3rd base (no throw) 1-0: Ball 2-0: Called Strike 2-1: 2-RUN HOME RUN (Flyball, 89XD, EV 105.6 MPH), Distance : 394 ft
|
|
Batting: RHB Sébastien Piat
|
0-0: Ball 1-0: Ball 2-0: Foul Ball, location: 2F 2-1: Foul Ball, location: 2F 2-2: SINGLE (Flyball, 89M, EV 90.6 MPH)
|
|
Pitching: LHP Jordan Ruiz
|
|
|
Batting: RHB Danny Miramontes
|
0-0: Foul Ball, location: 2F 0-1: Ball 1-1: Ball 2-1: Grounds into double play, 4-6-3 (Groundball, 4MS, EV 81.9 MPH)
|
| Bottom of the 6th over - 2 runs, 3 hits, 0 errors, 0 left on base; Houston 1 - Oakland 7 |
| TOP OF THE 7TH |
|
Houston Astros batting - Pitching for Oakland Athletics : RHP Sean Hill
|
|
Batting: LHB Bob Myers
|
0-0: Ball 1-0: Ball 2-0: Fly out, F7 (Flyball, 7, EV 86.9 MPH)
|
|
Batting: LHB Jim Keefe
|
0-0: Called Strike 0-1: Foul Ball, location: 2F 0-2: Foul Ball, location: 2F 0-2: Ball 1-2: Ball 2-2: Strikes out swinging
|
|
Batting: RHB Antonio Aranda
|
0-0: Ball 1-0: Called Strike 1-1: Ball 2-1: Ball 3-1: SINGLE (Line Drive, 34D, EV 108.1 MPH)
|
|
Batting: RHB Chris Fitzgerald
|
0-0: Ball 1-0: Ball 2-0: Foul Ball, location: 2F 2-1: Swinging Strike 2-2: Foul Ball, location: 2F 2-2: Ball 3-2: Foul Ball, location: 2F 3-2: Ground out 5-3 (Groundball, 56S, EV 71.9 MPH)
|
| Top of the 7th over - 0 runs, 1 hit, 0 errors, 1 left on base; Houston 1 - Oakland 7 |
| BOTTOM OF THE 7TH |
|
Oakland Athletics batting - Pitching for Houston Astros : LHP Jordan Ruiz
|
|
Batting: LHB George Leary
|
0-0: Called Strike 0-1: Called Strike 0-2: Foul Ball, location: 2F 0-2: Ball 1-2: Foul Ball, location: 2F 1-2: Ball 2-2: Strikes out swinging
|
|
Batting: SHB Greg Prime
|
0-0: Ground out 1-3 (Groundball, 13S, EV 70.6 MPH)
|
|
Batting: RHB Bernie Varela
|
0-0: Foul Ball, location: 2F 0-1: Ball 1-1: Ball 2-1: Ball 3-1: Called Strike 3-2: Strikes out swinging
|
| Bottom of the 7th over - 0 runs, 0 hits, 0 errors, 0 left on base; Houston 1 - Oakland 7 |
| TOP OF THE 8TH |
|
Houston Astros batting - Pitching for Oakland Athletics : RHP Sean Hill
|
|
Batting: RHB Matt Thompson
|
0-0: Called Strike 0-1: Fly out, F7 (Flyball, 7LM, EV 90.0 MPH)
|
|
Batting: RHB Josh Froyd
|
0-0: Ball 1-0: Foul Ball, location: 2F 1-1: Foul Ball, location: 2F 1-2: Ball 2-2: SINGLE (Line Drive, 3D, EV 101.3 MPH)
|
|
Pitching: RHP Joe Spampinato
|
|
|
Batting: SHB Addick de Vries
|
0-0: Ball 1-0: Called Strike 1-1: Foul Ball, location: 2F 1-2: Foul Ball, location: 2F 1-2: Ball 2-2: Foul Ball, location: 2F 2-2: Strikes out swinging
|
|
Batting: RHB Danny Dyer
|
0-0: Swinging Strike 0-1: Ball 1-1: Foul Ball, location: 2F 1-2: Fly out, F7 (Flyball, 7LM, EV 81.3 MPH)
|
| Top of the 8th over - 0 runs, 1 hit, 0 errors, 1 left on base; Houston 1 - Oakland 7 |
| BOTTOM OF THE 8TH |
|
Oakland Athletics batting - Pitching for Houston Astros : LHP Jordan Ruiz
|
|
Batting: RHB Muneo Kawachi
|
0-0: Called Strike 0-1: Ball 1-1: Ball 2-1: Called Strike 2-2: Ball 3-2: Fly out, F7 (Flyball, 7, EV 80.0 MPH)
|
|
Batting: RHB Philip Jansen
|
0-0: Ball 1-0: Ball 2-0: Ball 3-0: Base on Balls
|
|
Pitching: RHP Arturo Vargas
|
|
|
Batting: SHB Mark Rennie
|
0-0: Ball Philip Jansen steals 2nd base (no throw) 1-0: SINGLE (Line Drive, 78M, EV 103.1 MPH) Philip Jansen to third
|
|
Batting: LHB Nate Dean
|
0-0: Ball 1-0: Ball Mark Rennie steals 2nd base 2-0: Ball 3-0: Base on Balls
|
|
Batting: RHB Sébastien Piat
|
0-0: Ball 1-0: Fly out, F9 (Line Drive, 9D, EV 101.9 MPH) Runner from 3rd tags up, SCORES, throw by RF Mark Rennie to third
|
|
Batting: RHB Danny Miramontes
|
0-0: Ball 1-0: Ball 2-0: Swinging Strike 2-1: Swinging Strike 2-2: Strikes out swinging
|
| Bottom of the 8th over - 1 run, 1 hit, 0 errors, 2 left on base; Houston 1 - Oakland 8 |
| TOP OF THE 9TH |
|
Houston Astros batting - Pitching for Oakland Athletics : RHP Joe Spampinato
|
|
Batting: SHB Joe Gardner
|
0-0: Ball 1-0: Ball 2-0: SOLO HOME RUN (Flyball, 9LD, EV 94.4 MPH), Distance : 347 ft
|
|
Batting: LHB Bob Myers
|
0-0: Ball 1-0: Called Strike 1-1: Ball 2-1: Ground out 4-3 (Groundball, 4, EV 88.1 MPH)
|
|
Batting: LHB Jim Keefe
|
0-0: Foul Ball, location: 2F 0-1: Foul Ball, location: 2F 0-2: Foul Ball, location: 2F 0-2: Ball 1-2: Strikes out swinging
|
|
Batting: RHB Antonio Aranda
|
0-0: Swinging Strike 0-1: Foul Ball, location: 2F 0-2: Ball 1-2: Ball 2-2: Ground out 5-3 (Groundball, 5, EV 106.3 MPH)
|
| Top of the 9th over - 1 run, 1 hit, 0 errors, 0 left on base; Houston 2 - Oakland 8 |
|